Map: Ever Dream LE

Players

LiquidClem (Clem) - Winner!

  • Race: Terran Terran
  • Spawn Location: 7:00

soO

  • Race: Zerg Zerg
  • Spawn Location: 1:00

Event: StayAtHomestory Cup #2

VOD

Have the link to the VOD?

Description

Time

  • Played on: June 11, 2020, 6:43 a.m.
  • Length: 10:32

All games in this series

Show
View Real Time Build Order
Export as new Build Order

LiquidClem Terran - Winner!

Build Orders: Liberator Opening, Reaper Expand 

Get SALT Encoding   

  12  0:00  SCV  
  13  0:12  SCV  
  14  0:17  Supply Depot  
  14  0:25  SCV  
  15  0:38  SCV  
  15  0:40  Barracks  
  16  0:44  Refinery  
  16  0:50  SCV  
  17  1:02  SCV  
  18  1:14  SCV  
  19  1:27  Reaper, Orbital Command  
  20  1:39  Command Center  
  20  1:46  Supply Depot  
  20  1:53  SCV  
  21  1:58  Marine  
  22  2:05  SCV  
  22  2:07  Factory  
  23  2:16  Refinery  
  23  2:17  SCV  
  23  2:20  Barracks Reactor  
  24  2:29  SCV  
  25  2:41  SCV  
  26  2:50  Orbital Command  
  26  2:51  Starport  
  26  2:53  SCV  
  27  3:00  Hellion x2  
  27  3:03  Marine  
  32  3:05  SCV  
  33  3:17  SCV x2  
  35  3:21  Hellion  
  35  3:22  Hellion  
  39  3:28  Liberator  
  39  3:29  SCV  
  39  3:33  Supply Depot  
  43  3:36  SCV  
  43  3:38  Armory  
  44  3:41  SCV  
  45  3:51  Supply Depot  
  45  3:55  SCV x2, Hellion x2  
  51  4:00  Barracks Tech Lab  
  51  4:07  SCV x2  
  53  4:13  Supply Depot  
  57  4:17  Hellion x2  
  57  4:19  SCV  
  57  4:20  Stimpack  
  57  4:21  SCV  
  59  4:31  Marine  
  59  4:33  Command Center  
  59  4:37  Starport Reactor  
  59  4:38  SCV  
  61  4:45  SCV  
  62  4:49  Marine, Factory Tech Lab  
  62  4:50  SCV, Barracks  
  62  4:51  Hellion x5  
  60  4:54  Barracks  
  60  4:57  SCV  
  60  4:59  Engineering Bay  
  61  5:00  Engineering Bay  
  61  5:02  SCV  
  61  5:07  Marine  
  61  5:09  SCV  
  61  5:13  Refinery x2  
  61  5:14  SCV  
  61  5:17  Siege Tank  
  65  5:22  Starport Reactor  
  65  5:23  SCV, Supply Depot  
  65  5:26  SCV  
  65  5:27  Terran Infantry Weapons Level 1, Terran Infantry Armor Level 1  
  65  5:28  Marine  
  68  5:37  SCV, Supply Depot  
  68  5:38  Marine  
  70  5:44  SCV, Marine  
  70  5:46  Orbital Command, Marine  
  73  5:56  Marine x2  
  78  5:58  SCV, Marine  
  78  6:00  Combat Shield  
  78  6:02  SCV, Medivac x2  
  78  6:04  Marine  
  83  6:07  Supply Depot  
  83  6:10  SCV  
  85  6:13  Orbital Command, Barracks  
  85  6:16  Barracks  
  84  6:21  Siege Tank  
  84  6:22  Supply Depot, Marine  
  84  6:24  Marine  
  84  6:25  Marine  
  90  6:28  Marine x2  
  90  6:30  SCV  
  90  6:32  SCV  
  94  6:39  SCV  
  92  6:40  Supply Depot, Marine  
  92  6:42  SCV  
  92  6:44  SCV  
  92  6:45  Supply Depot  
  95  6:48  Marine x2  
  95  6:51  SCV  
  95  6:52  Marine  
  95  6:53  Marine  
  100  6:58  Barracks  
  100  7:00  Barracks  
  100  7:01  Barracks  
  100  7:06  Supply Depot  
  100  7:08  Marine x2  
  97  7:09  Barracks Reactor x2  
  97  7:10  Siege Tank  
  97  7:11  Medivac  
  97  7:12  SCV  
  97  7:14  SCV  
  92  7:15  Medivac  
  92  7:16  Marine x2  
  92  7:18  SCV  
  92  7:22  Marine  
  98  7:23  Terran Infantry Weapons Level 2  
  98  7:25  SCV  
  98  7:26  Marine  
  100  7:30  Terran Infantry Armor Level 2  
  100  7:32  Missile Turret, Marine  
  100  7:34  Marine x2  
  103  7:40  Marine  
  103  7:43  Siege Tank  
  103  7:44  Marine  
  107  7:45  Marine x2  
  107  7:48  SCV x2, Marine x2  
  114  7:54  Marine  
  114  7:56  Marine x4  
  114  7:57  Marine x2  
  120  8:01  Marine  
  120  8:02  Supply Depot  
  120  8:03  Marine x2  
  120  8:04  Medivac x2  
  127  8:07  Supply Depot  
  127  8:09  Marine x2  
  127  8:12  Marine  
  130  8:14  Marine x5  
  130  8:17  Supply Depot, Marine  
  130  8:19  Marine, Siege Tank  
  140  8:21  Marine  
  140  8:23  Marine  
  142  8:27  Marine x2  
  142  8:29  Supply Depot  
  133  8:37  Marine x2  
  133  8:40  Marine x7  
  126  8:41  Marine  
  126  8:45  Marine  
  122  8:51  Siege Tank  
  122  8:54  Medivac  
  118  8:55  Marine  
  118  8:57  Marine  
  118  8:58  Marine x2  
  118  8:59  Marine  
  123  9:04  Marine x2  
  123  9:06  Marine  
  123  9:07  Marine  
  123  9:08  Marine  
  128  9:10  Medivac  
  128  9:11  Marine x2  
  128  9:13  Command Center, Marine  
  128  9:15  Supply Depot  
  133  9:20  Marine x4  
  133  9:22  Marine x2  
  133  9:24  Medivac, Marine  
  141  9:25  Marine x2  
  141  9:30  Factory  
  144  9:35  Missile Turret  
  144  9:36  Missile Turret, Marine  
  144  9:37  Marine x2  
  147  9:39  Marine x2  
  138  9:47  Medivac, Widow Mine  
  138  9:48  Marine x7  
  138  9:53  Medivac  
  138  9:54  Marine  
  138  9:55  Marine x2  
  138  9:57  Marine  
  131  10:08  Widow Mine  
  131  10:09  Marine x4  
  131  10:10  Marine x2  
  138  10:21  Supply Depot  
Show
View Real Time Build Order
Export as new Build Order

soO Zerg 

Build Orders: Hatch First, Muta Ling Bane 

Get SALT Encoding   

  12  0:02  Drone  
  13  0:12  Overlord  
  13  0:17  Drone  
  14  0:31  Drone x2  
  16  0:48  Hatchery  
  15  0:51  Drone  
  15  0:56  Drone  
  17  0:59  Drone  
  18  1:10  Extractor  
  17  1:14  Spawning Pool  
  17  1:17  Drone  
  17  1:20  Drone  
  18  1:28  Drone  
  20  1:40  Drone  
  20  1:50  Overlord  
  20  2:00  Queen x2  
  25  2:01  Zergling x4  
  26  2:12  Drone  
  26  2:13  Drone  
  28  2:22  Hatchery  
  27  2:26  Drone  
  28  2:30  Metabolic Boost  
  28  2:33  Drone  
  28  2:36  Drone  
  30  2:44  Queen  
  30  2:49  Overlord  
  30  2:51  Drone  
  33  2:53  Drone  
  33  2:56  Drone  
  35  2:58  Drone  
  36  3:09  Drone x2  
  36  3:10  Drone x3  
  41  3:16  Overlord  
  41  3:21  Queen  
  41  3:25  Drone  
  44  3:34  Queen  
  44  3:35  Overlord  
  44  3:36  Drone  
  44  3:37  Zergling x2  
  44  3:38  Zergling x2  
  44  3:40  Drone x3  
  52  3:45  Overlord  
  52  3:46  Drone  
  53  3:49  Drone  
  53  3:54  Drone x2  
  53  3:55  Drone  
  57  3:59  Queen  
  57  4:02  Drone  
  60  4:04  Zergling x4  
  62  4:13  Baneling Nest  
  62  4:14  Drone x4  
  65  4:19  Overlord  
  65  4:20  Drone x2, Extractor  
  65  4:22  Drone  
  67  4:26  Drone x2  
  67  4:27  Overlord  
  67  4:30  Drone x3  
  67  4:31  Drone  
  73  4:32  Overlord  
  73  4:37  Spore Crawler  
  72  4:44  Zergling x4  
  72  4:45  Zergling x2  
  70  4:46  Zergling x2  
  70  4:47  Zergling x4  
  70  4:48  Drone x2  
  70  4:51  Spore Crawler  
  72  4:55  Drone  
  72  4:57  Drone x3  
  76  5:04  Lair  
  76  5:05  Drone x2  
  78  5:08  Drone x2  
  78  5:09  Drone x2  
  78  5:11  Drone  
  78  5:12  Drone  
  81  5:16  Zergling x2  
  81  5:19  Drone x2, Extractor  
  81  5:20  Extractor  
  82  5:21  Drone x2, Extractor  
  82  5:25  Extractor  
  82  5:30  Zergling x4  
  82  5:31  Zergling x6  
  82  5:32  Evolution Chamber  
  82  5:34  Evolution Chamber  
  82  5:35  Drone  
  86  5:37  Drone  
  86  5:39  Drone  
  88  5:44  Drone  
  88  5:47  Hatchery, Drone  
  91  5:50  Drone x2  
  91  5:52  Drone x2  
  91  5:54  Overlord, Drone x2  
  95  5:59  Overlord  
  95  6:00  Zerg Melee Weapons Level 1  
  95  6:01  Zerg Ground Armor Level 1  
  95  6:02  Centrifical Hooks  
  95  6:10  Overlord, Spire  
  94  6:11  Overlord  
  94  6:16  Zergling x12  
  100  6:25  Baneling x3  
  100  6:26  Baneling x2  
  100  6:31  Zergling x16  
  108  6:38  Queen  
  106  6:46  Zergling x2  
  106  6:47  Zergling x14  
  114  6:56  Zergling x12  
  120  7:01  Baneling x2  
  120  7:02  Baneling x3  
  100  7:22  Mutalisk x9  
  100  7:24  Zergling x6  
  119  7:30  Queen  
  119  7:31  Mutalisk  
  119  7:32  Zergling x2  
  119  7:33  Zergling x10  
  119  7:34  Overlord  
  129  7:43  Zerg Flyer Weapons Level 1  
  128  7:45  Drone x5  
  128  7:46  Drone x2  
  135  7:53  Overlord  
  135  7:54  Zergling x10  
  135  7:57  Drone  
  135  7:58  Zerg Ground Armor Level 2, Zerg Melee Weapons Level 2  
  138  8:00  Extractor  
  137  8:06  Zergling x6  
  137  8:08  Overlord  
  137  8:12  Baneling x6  
  140  8:13  Baneling x2  
  140  8:14  Zergling x2  
  140  8:15  Zergling x8  
  140  8:17  Overlord  
  144  8:21  Zergling x2, Baneling x5  
  144  8:26  Zergling x2  
  144  8:27  Zergling x2  
  147  8:33  Mutalisk x3  
  137  8:35  Zergling x4  
  137  8:38  Hatchery, Zergling x4  
  137  8:41  Mutalisk  
  126  8:45  Zergling x8  
  120  8:57  Zergling x10  
  120  9:02  Mutalisk x4  
  123  9:06  Zergling x10  
  123  9:08  Baneling x4  
  136  9:12  Zergling x10  
  141  9:19  Baneling x8  
  141  9:22  Zergling x2  
  141  9:23  Zergling x6  
  145  9:27  Mutalisk  
  145  9:29  Mutalisk  
  145  9:30  Mutalisk  
  151  9:31  Overlord  
  151  9:36  Zergling x2  
  151  9:37  Zergling x14  
  151  9:38  Overlord  
  159  9:40  Overlord  
  159  9:41  Overlord  
  144  9:49  Zergling x10  
  144  9:52  Baneling x8  
  144  9:54  Zergling x4  
  144  9:58  Zergling x6  
  144  9:59  Zergling x4  
  139  10:00  Zergling x2  
  139  10:01  Zergling x4  
  139  10:04  Mutalisk  
  114  10:07  Mutalisk x2  
  114  10:08  Zergling x8  
Tags
 
Add a new tag
Caveats
  • Supply blocks, unpowered buildings, or Contaminate may cause inaccurate times.
  • Supply counts are checked every 10 seconds.